Hurricanes vs Avalanche

Created - November 28, 2016 at 18:27

Goals
1 2 3 T
Hurricanes 3 1 2 6
Avalanche 1 2 0 3
Shots
1 2 3 T
Hurricanes 12 13 11 36
Avalanche 13 12 12 37

1st period

1. Hurricanes , Lee Stempniak 11 (Brad Richardson) at 0:44 (SH)
2. Avalanche , Jeff Skinner 9 (Derek Stepan, Mats Zuccarello) at 2:07 (PP)
3. Hurricanes , Jamie McGinn 7 (Zach Parise, Bryan Little) at 12:59 (PP)
4. Hurricanes , Bryan Little 12 (Zach Parise, Lee Stempniak) at 16:49

Penalties :
Kyle Quincey (CAR) for Roughing (Minor) at 0:33, Leo Komarov (CAR) for Holding (Minor) at 2:32, Frank Vatrano (COL) for Hooking (Minor) at 12:39

2nd period

5. Avalanche , Jeff Skinner 10 (Dylan Larkin, Derek Stepan) at 10:12
6. Avalanche , Chris Tierney 1 (Frank Vatrano, Shea Theodore) at 13:25
7. Hurricanes , Zach Parise 15 (Lee Stempniak, Bryan Little) at 19:18

Penalties :
Mats Zuccarello (COL) for Tripping (Minor) at 0:34, Frank Vatrano (COL) for Holding (Minor) at 16:21, Dustin Byfuglien (CAR) for Diving (Minor) at 16:21

3rd period

8. Hurricanes , Carl Hagelin 6 (Dustin Byfuglien, Jamie McGinn) at 0:48
9. Hurricanes , Bryan Little 13 (Lee Stempniak, Zach Parise) at 9:56

Penalties :
Sami Vatanen (COL) for Interference (Minor) at 2:52, Jamie McGinn (CAR) for Roughing (Minor) at 10:48, Jamie McGinn (CAR) for Hooking (Minor) at 14:43

Goalie Stats

Frederik Andersen (CAR), 34 saves from 37 shots - (0.919), W, 8-5-0, 60:00 minutes
Jimmy Howard (COL), 30 saves from 36 shots - (0.833), L, 7-4-2, 60:00 minutes

Players Stats for Hurricanes

Player Name              G  A  P  +/- PIM S  H  SB GA TA FO     MP     PP MP  PK MP  
------------------------------------------------------------------------------------
Alex Chiasson            0  0  0  -1  0   3  0  0  0  0  1/3     5:02   0:00   0:54 
Brad Richardson          0  1  1   0  0   1  0  0  0  0  10/11   8:36   0:00   4:28 
Brian Boyle              0  0  0   1  0   1  4  0  0  0  5/18    9:52   0:00   0:14 
Brian Dumoulin           0  0  0   3  0   1  2  1  0  0  0/0    19:04   0:00   3:33 
Brian Strait             0  0  0  -1  0   0  0  0  0  0  0/0     6:01   0:00   0:50 
Bryan Little             2  2  4   2  0   9  0  0  0  0  17/31  21:02   2:11   0:00 
Carl Hagelin             1  0  1   0  0   3  0  0  0  0  1/3    16:18   0:00   3:03 
Dustin Byfuglien         0  1  1   0  2   0  5  2  0  0  0/0    23:29   1:51   3:58 
Jamie McGinn             1  1  2   1  4   2  0  0  0  0  0/1    11:16   2:11   0:00 
Jordan Oesterle          0  0  0   0  0   0  1  0  0  0  0/0    16:57   1:51   0:00 
Keith Yandle             0  0  0   1  0   0  1  2  0  0  0/0    12:59   2:27   0:00 
Kyle Quincey             0  0  0   2  2   1  1  2  0  0  0/0    20:14   2:27   3:08 
Lee Stempniak            1  3  4   3  0   5  0  0  0  0  0/0    21:51   0:00   4:28 
Leo Komarov              0  0  0   0  2   2  1  0  0  0  6/18   19:35   2:07   1:55 
Michael Frolik           0  0  0   0  0   2  0  1  0  0  1/2    19:09   2:07   0:00 
Nick Foligno             0  0  0   0  0   3  0  0  0  0  3/4    18:12   2:07   0:00 
Ron Hainsey              0  0  0   1  0   0  1  2  0  0  0/0    21:14   0:00   3:33 
Zach Parise              1  3  4   2  0   3  1  0  0  0  0/1    19:34   2:11   0:00 

Players Stats for Avalanche

Player Name              G  A  P  +/- PIM S  H  SB GA TA FO     MP     PP MP  PK MP  
------------------------------------------------------------------------------------
Alexander Steen          0  0  0  -2  0   4  2  0  0  0  2/5    19:54   3:26   2:36 
Chris Tierney            1  0  1   0  0   3  0  0  0  0  5/6     7:12   0:00   0:00 
Derek Stepan             0  2  2   0  0   3  0  0  0  0  15/30  19:15   4:05   0:00 
Dylan Larkin             0  1  1   1  0   2  2  0  0  0  1/1    16:57   3:26   0:00 
Frank Vatrano            0  1  1   0  4   0  1  0  0  0  0/1     7:10   0:00   0:00 
Jaccob Slavin            0  0  0  -1  0   0  1  2  0  0  0/0    20:01   0:00   2:24 
Jeff Skinner             2  0  2   0  0   5  0  0  0  0  0/1    18:57   4:05   0:30 
Jesper Fast              0  0  0  -1  0   1  4  0  0  0  1/2    14:07   0:00   2:30 
Kevin Shattenkirk        0  0  0  -1  0   0  5  0  0  0  0/0    19:32   3:31   2:08 
Mats Zuccarello          0  1  1  -3  2   1  4  0  0  0  0/1    19:04   4:05   0:00 
Max Domi                 0  0  0  -1  0   3  0  0  0  0  1/1    11:37   0:00   0:00 
Milan Michalek           0  0  0   0  0   2  0  0  0  0  1/1     8:30   0:00   1:18 
Nikita Nesterov          0  0  0   0  0   0  0  1  0  0  0/0    15:56   0:00   0:10 
Paul Stastny             0  0  0  -2  0   5  1  0  0  0  14/30  17:38   3:26   0:00 
Riley Sheahan            0  0  0  -1  0   2  2  1  0  0  8/13   13:19   0:00   1:42 
Sami Vatanen             0  0  0  -2  2   3  5  0  0  0  0/0    23:48   4:00   1:17 
Shea Theodore            0  1  1  -1  0   2  0  0  0  0  0/0    18:48   3:31   1:44 
Tyson Barrie             0  0  0  -1  0   1  0  1  0  0  0/0    21:54   4:00   0:53 

3 Stars

1 - Bryan Little (CAR)
2 - Lee Stempniak (CAR)
3 - Zach Parise (CAR)

Power Play

Hurricanes - 1 on 3 Attempt(s) - 33.33%
Avalanche - 1 on 4 Attempt(s) - 25.00%

Penalty Kill

Hurricanes - 3 on 4 Attempt(s) - 75.00% - Score 1 goal in Penalty Kill
Avalanche - 2 on 3 Attempt(s) - 66.67% - Score 0 goal in Penalty Kill

Team Stat

Hurricanes - Hits : 17 - Faceoff Wins : 44 - Blocked Shots : 10 - Penalty Minutes : 10
Avalanche - Hits : 27 - Faceoff Wins : 48 - Blocked Shots : 5 - Penalty Minutes : 8

Official

Referees : Tom Kowal and Frederick L'Ecuyer
Linesman : Thor Nelson and Greg Devorski

Game Notes

No Game Note

Finance

Level 1 -- Attendance: 6500 (100.00%) -- Ticket Income $663,000
Level 2 -- Attendance: 5000 (100.00%) -- Ticket Income $375,000
Level 3 -- Attendance: 3356 (95.89%) -- Ticket Income $184,580
Level 4 -- Attendance: 2007 (100.00%) -- Ticket Income $90,315
Luxury Box -- Attendance: 1000 (100.00%) -- Ticket Income $200,000
Game was played at the Pepsi Center.
Total Attendance: 17863 (99.20%)
Total Ticket Income: $1,512,895
Other Income: $226,934
Total Income: $1,739,829

% Time on Ice - Hurricanes

Lines # - Real PCT - Wanted PCT - Time Play
Normal Forward
1 - 38% - 38% - 17:23
2 - 34% - 31% - 15:34
3 - 20% - 20% - 9:07
4 - 9% - 11% - 4:08
Normal Defense
1 - 38% - 38% - 17:41
2 - 32% - 31% - 14:40
3 - 20% - 20% - 9:24
4 - 10% - 11% - 4:27
PP Forward
1 - 51% - 58% - 2:11
2 - 49% - 42% - 2:07
PP Defense
1 - 43% - 58% - 1:51
2 - 57% - 42% - 2:27
PK Forward
1 - 59% - 56% - 4:28
2 - 41% - 44% - 3:03
PK Defense
1 - 47% - 58% - 3:33
2 - 53% - 42% - 3:58
PK3 Forward
1 - 0% - 55%
2 - 0% - 45%
PK3 Defense
1 - 0% - 57%
2 - 0% - 43%
44 Forward
1 - 74% - 56% - 1:28
2 - 26% - 44% - 0:31
44 Defense
1 - 57% - 57% - 1:08
2 - 43% - 43% - 0:51
Last Minute Offensive  - 0:00
Last Minute Defensive  - 0:00
Total
Forward - 60:00
Defense - 60:00

% Time on Ice - Avalanche

Lines # - Real PCT - Wanted PCT - Time Play
Normal Forward
1 - 29% - 30% - 13:31
2 - 30% - 30% - 13:52
3 - 25% - 25% - 11:37
4 - 16% - 15% - 7:12
Normal Defense
1 - 28% - 30% - 13:09
2 - 29% - 30% - 13:33
3 - 34% - 30% - 15:46
4 - 8% - 10% - 3:44
PP Forward
1 - 54% - 60% - 4:05
2 - 46% - 40% - 3:26
PP Defense
1 - 53% - 60% - 4:00
2 - 47% - 40% - 3:31
PK Forward
1 - 70% - 60% - 3:00
2 - 30% - 40% - 1:18
PK Defense
1 - 60% - 60% - 2:34
2 - 40% - 40% - 1:44
PK3 Forward
1 - 0% - 60%
2 - 0% - 40%
PK3 Defense
1 - 0% - 60%
2 - 0% - 40%
44 Forward
1 - 83% - 60% - 1:39
2 - 17% - 40% - 0:20
44 Defense
1 - 63% - 60% - 1:15
2 - 37% - 40% - 0:44
Last Minute Offensive  - 0:00
Last Minute Defensive  - 0:00
Total
Forward - 60:00
Defense - 60:00

Play by Play

1st period


0:01 of 1st period - Bryan Little wins face-off versus Derek Stepan in neutral zone.
0:27 of 1st period - Off-side.
0:28 of 1st period - Paul Stastny wins face-off versus Leo Komarov in neutral zone.
0:33 of 1st period - Shot by Alexander Steen.
0:33 of 1st period - Stopped by Frederik Andersen without a rebound.
0:33 of 1st period - Minor Penalty to Kyle Quincey for Roughing.
0:34 of 1st period - Brad Richardson wins face-off versus Derek Stepan in Hurricanes zone.
0:40 of 1st period - Icing by Derek Stepan.
0:41 of 1st period - Brad Richardson wins face-off versus Derek Stepan in Avalanche zone.
0:44 of 1st period - Shot by Lee Stempniak.
0:44 of 1st period - Goal by Lee Stempniak - Hurricanes : 1 - Avalanche : 0.
0:45 of 1st period - Brad Richardson wins face-off versus Paul Stastny in neutral zone.
1:02 of 1st period - Shot by Dylan Larkin.
1:02 of 1st period - Stopped by Frederik Andersen with a rebound.
1:48 of 1st period - Shot by Derek Stepan.
1:48 of 1st period - Stopped by Frederik Andersen without a rebound.
1:49 of 1st period - Leo Komarov wins face-off versus Derek Stepan in Hurricanes zone.
2:07 of 1st period - Shot by Jeff Skinner.
2:07 of 1st period - Goal by Jeff Skinner - Hurricanes : 1 - Avalanche : 1.
2:08 of 1st period - Riley Sheahan wins face-off versus Leo Komarov in neutral zone.
2:19 of 1st period - Icing by Leo Komarov.
2:20 of 1st period - Nick Foligno wins face-off versus Paul Stastny in Hurricanes zone.
2:20 of 1st period - Michael Frolik is hit by Alexander Steen and loses puck.
2:32 of 1st period - Minor Penalty to Leo Komarov for Holding.
2:33 of 1st period - Alex Chiasson wins face-off versus Derek Stepan in Hurricanes zone.
3:00 of 1st period - Ron Hainsey is hit by Mats Zuccarello and loses puck.
3:32 of 1st period - Paul Stastny is hit by Dustin Byfuglien and loses puck.
3:43 of 1st period - Brad Richardson is hit by Paul Stastny and loses puck.
4:22 of 1st period - Shot by Carl Hagelin.
4:22 of 1st period - Shot Misses the Net.
4:24 of 1st period - Shot by Alex Chiasson.
4:24 of 1st period - Shot Misses the Net.
4:26 of 1st period - Shot by Alex Chiasson.
4:26 of 1st period - Stopped by Jimmy Howard with a rebound.
4:38 of 1st period - Shot by Nick Foligno.
4:38 of 1st period - Shot Misses the Net.
4:41 of 1st period - Icing by Max Domi.
4:42 of 1st period - Leo Komarov wins face-off versus Riley Sheahan in Avalanche zone.
4:57 of 1st period - Shot by Max Domi.
4:57 of 1st period - Shot Blocked by Michael Frolik.
4:59 of 1st period - Shot by Jesper Fast.
4:59 of 1st period - Shot Misses the Net.
5:15 of 1st period - Shot by Leo Komarov.
5:15 of 1st period - Stopped by Jimmy Howard without a rebound.
5:16 of 1st period - Bryan Little wins face-off versus Frank Vatrano in Avalanche zone.
5:23 of 1st period - Bryan Little is hit by Frank Vatrano and loses puck.
6:32 of 1st period - Dustin Byfuglien is hit by Mats Zuccarello and loses puck.
6:59 of 1st period - Shot by Jamie McGinn.
6:59 of 1st period - Shot Misses the Net.
7:09 of 1st period - Jamie McGinn is hit by Mats Zuccarello.
7:21 of 1st period - Shot by Carl Hagelin.
7:21 of 1st period - Stopped by Jimmy Howard with a rebound.
7:23 of 1st period - Shot by Brian Boyle.
7:23 of 1st period - Shot Misses the Net.
8:04 of 1st period - Shot by Michael Frolik.
8:04 of 1st period - Stopped by Jimmy Howard without a rebound.
8:05 of 1st period - Riley Sheahan wins face-off versus Alex Chiasson in Avalanche zone.
8:14 of 1st period - Shot by Max Domi.
8:14 of 1st period - Stopped by Frederik Andersen with a rebound.
8:16 of 1st period - Shot by Jesper Fast.
8:16 of 1st period - Deflect By Max Domi.
8:16 of 1st period - Stopped by Frederik Andersen without a rebound.
8:17 of 1st period - Milan Michalek wins face-off versus Alex Chiasson in Hurricanes zone.
9:24 of 1st period - Shot by Alexander Steen.
9:24 of 1st period - Stopped by Frederik Andersen without a rebound.
9:25 of 1st period - Bryan Little wins face-off versus Derek Stepan in Hurricanes zone.
9:52 of 1st period - Shot by Jeff Skinner.
9:52 of 1st period - Stopped by Frederik Andersen without a rebound.
9:53 of 1st period - Nick Foligno wins face-off versus Riley Sheahan in Hurricanes zone.
10:16 of 1st period - Michael Frolik is hit by Jesper Fast and loses puck.
10:57 of 1st period - Shot by Paul Stastny.
10:57 of 1st period - Shot Misses the Net.
10:59 of 1st period - Shot by Nikita Nesterov.
10:59 of 1st period - Shot Misses the Net.
11:01 of 1st period - Shot by Tyson Barrie.
11:01 of 1st period - Shot Misses the Net.
11:30 of 1st period - Shot by Mats Zuccarello.
11:30 of 1st period - Shot Misses the Net.
12:14 of 1st period - Shot by Kyle Quincey.
12:14 of 1st period - Shot Blocked by Jaccob Slavin.
12:16 of 1st period - Shot by Lee Stempniak.
12:16 of 1st period - Stopped by Jimmy Howard without a rebound.
12:17 of 1st period - Chris Tierney wins face-off versus Jamie McGinn in Avalanche zone.
12:39 of 1st period - Minor Penalty to Frank Vatrano for Hooking.
12:40 of 1st period - Bryan Little wins face-off versus Alexander Steen in Avalanche zone.
12:45 of 1st period - Shot by Bryan Little.
12:45 of 1st period - Stopped by Jimmy Howard without a rebound.
12:46 of 1st period - Bryan Little wins face-off versus Alexander Steen in Avalanche zone.
12:59 of 1st period - Shot by Jamie McGinn.
12:59 of 1st period - Goal by Jamie McGinn - Hurricanes : 2 - Avalanche : 1.
13:00 of 1st period - Brad Richardson wins face-off versus Derek Stepan in neutral zone.
13:11 of 1st period - Shot by Derek Stepan.
13:11 of 1st period - Stopped by Frederik Andersen without a rebound.
13:12 of 1st period - Paul Stastny wins face-off versus Bryan Little in Hurricanes zone.
13:13 of 1st period - Shot by Mats Zuccarello.
13:13 of 1st period - Shot Misses the Net.
13:29 of 1st period - Shot by Lee Stempniak.
13:29 of 1st period - Stopped by Jimmy Howard without a rebound.
13:30 of 1st period - Brian Boyle wins face-off versus Derek Stepan in Avalanche zone.
13:55 of 1st period - Shot by Jeff Skinner.
13:55 of 1st period - Shot Misses the Net.
13:57 of 1st period - Shot by Dylan Larkin.
13:57 of 1st period - Stopped by Frederik Andersen with a rebound.
15:27 of 1st period - Shot by Max Domi.
15:27 of 1st period - Stopped by Frederik Andersen with a rebound.
15:29 of 1st period - Shot by Riley Sheahan.
15:29 of 1st period - Stopped by Frederik Andersen without a rebound.
15:30 of 1st period - Riley Sheahan wins face-off versus Leo Komarov in Hurricanes zone.
15:41 of 1st period - Dustin Byfuglien is hit by Kevin Shattenkirk.
16:15 of 1st period - Shot by Michael Frolik.
16:15 of 1st period - Shot Misses the Net.
16:29 of 1st period - Shot by Carl Hagelin.
16:29 of 1st period - Shot Misses the Net.
16:31 of 1st period - Shot by Alex Chiasson.
16:31 of 1st period - Stopped by Jimmy Howard without a rebound.
16:32 of 1st period - Bryan Little wins face-off versus Paul Stastny in Avalanche zone.
16:49 of 1st period - Shot by Bryan Little.
16:49 of 1st period - Goal by Bryan Little - Hurricanes : 3 - Avalanche : 1.
16:50 of 1st period - Derek Stepan wins face-off versus Brian Boyle in neutral zone.
16:52 of 1st period - Off-side.
16:53 of 1st period - Dylan Larkin wins face-off versus Zach Parise in neutral zone.
17:08 of 1st period - Shot by Lee Stempniak.
17:08 of 1st period - Shot Misses the Net.
17:10 of 1st period - Shot by Bryan Little.
17:10 of 1st period - Shot Misses the Net.
17:24 of 1st period - Shot by Lee Stempniak.
17:24 of 1st period - Stopped by Jimmy Howard without a rebound.
17:25 of 1st period - Paul Stastny wins face-off versus Brian Boyle in Avalanche zone.
18:13 of 1st period - Paul Stastny is hit by Dustin Byfuglien and loses puck.
18:21 of 1st period - Icing by Dustin Byfuglien.
18:22 of 1st period - Derek Stepan wins face-off versus Brian Boyle in Hurricanes zone.
18:37 of 1st period - Off-side.
18:38 of 1st period - Riley Sheahan wins face-off versus Bryan Little in neutral zone.
19:03 of 1st period - Icing by Kevin Shattenkirk.
19:04 of 1st period - Riley Sheahan wins face-off versus Michael Frolik in Avalanche zone.
19:42 of 1st period - Keith Yandle is hit by Sami Vatanen.
19:57 of 1st period - Shot by Derek Stepan.
19:57 of 1st period - Stopped by Frederik Andersen without a rebound.
19:58 of 1st period - Bryan Little wins face-off versus Paul Stastny in Hurricanes zone.
Goals for this period are 3 for Hurricanes vs 1 for Avalanche.
Shots for this period are 12 for Hurricanes vs 13 for Avalanche.

2nd period


0:01 of 2nd period - Paul Stastny wins face-off versus Bryan Little in neutral zone.
0:06 of 2nd period - Shot by Alexander Steen.
0:06 of 2nd period - Shot Blocked by Kyle Quincey.
0:17 of 2nd period - Icing by Sami Vatanen.
0:18 of 2nd period - Brad Richardson wins face-off versus Mats Zuccarello in Avalanche zone.
0:18 of 2nd period - Brad Richardson is hit by Sami Vatanen.
0:34 of 2nd period - Minor Penalty to Mats Zuccarello for Tripping.
0:35 of 2nd period - Alexander Steen wins face-off versus Bryan Little in Avalanche zone.
1:44 of 2nd period - Shot by Nick Foligno.
1:44 of 2nd period - Stopped by Jimmy Howard without a rebound.
1:45 of 2nd period - Alexander Steen wins face-off versus Leo Komarov in Avalanche zone.
2:32 of 2nd period - Shot by Bryan Little.
2:32 of 2nd period - Deflect By Jamie McGinn.
2:32 of 2nd period - Shot Misses the Net.
2:34 of 2nd period - Shot by Bryan Little.
2:34 of 2nd period - Shot Misses the Net.
3:03 of 2nd period - Derek Stepan is hit by Dustin Byfuglien and loses puck.
3:16 of 2nd period - Shot by Dylan Larkin.
3:16 of 2nd period - Shot Misses the Net.
3:18 of 2nd period - Shot by Tyson Barrie.
3:18 of 2nd period - Stopped by Frederik Andersen without a rebound.
3:19 of 2nd period - Bryan Little wins face-off versus Paul Stastny in Hurricanes zone.
3:24 of 2nd period - Shot by Bryan Little.
3:24 of 2nd period - Stopped by Jimmy Howard with a rebound.
3:45 of 2nd period - Shot by Zach Parise.
3:45 of 2nd period - Shot Misses the Net.
3:54 of 2nd period - Icing by Sami Vatanen.
3:55 of 2nd period - Leo Komarov wins face-off versus Paul Stastny in Avalanche zone.
3:56 of 2nd period - Shot by Kyle Quincey.
3:56 of 2nd period - Stopped by Jimmy Howard without a rebound.
3:57 of 2nd period - Riley Sheahan wins face-off versus Leo Komarov in Avalanche zone.
4:08 of 2nd period - Shot by Nick Foligno.
4:08 of 2nd period - Stopped by Jimmy Howard without a rebound.
4:09 of 2nd period - Derek Stepan wins face-off versus Bryan Little in Avalanche zone.
4:44 of 2nd period - Shot by Zach Parise.
4:44 of 2nd period - Shot Misses the Net.
4:50 of 2nd period - Shot by Zach Parise.
4:50 of 2nd period - Shot Misses the Net.
5:50 of 2nd period - Icing by Kevin Shattenkirk.
5:51 of 2nd period - Riley Sheahan wins face-off versus Brian Boyle in Avalanche zone.
6:44 of 2nd period - Shot by Zach Parise.
6:44 of 2nd period - Shot Misses the Net.
6:46 of 2nd period - Shot by Lee Stempniak.
6:46 of 2nd period - Stopped by Jimmy Howard with a rebound.
6:58 of 2nd period - Shot by Bryan Little.
6:58 of 2nd period - Shot Blocked by Jaccob Slavin.
7:25 of 2nd period - Off-side.
7:26 of 2nd period - Paul Stastny wins face-off versus Leo Komarov in neutral zone.
7:29 of 2nd period - Shot by Alexander Steen.
7:29 of 2nd period - Shot Misses the Net.
7:31 of 2nd period - Shot by Alexander Steen.
7:31 of 2nd period - Shot Blocked by Kyle Quincey.
7:33 of 2nd period - Shot by Shea Theodore.
7:33 of 2nd period - Stopped by Frederik Andersen with a rebound.
8:18 of 2nd period - Brian Dumoulin is hit by Mats Zuccarello and loses puck.
8:36 of 2nd period - Shot by Nikita Nesterov.
8:36 of 2nd period - Shot Misses the Net.
8:48 of 2nd period - Shot by Milan Michalek.
8:48 of 2nd period - Stopped by Frederik Andersen without a rebound.
8:49 of 2nd period - Derek Stepan wins face-off versus Bryan Little in Hurricanes zone.
8:49 of 2nd period - Derek Stepan is hit by Ron Hainsey.
8:56 of 2nd period - Dylan Larkin is hit by Dustin Byfuglien and loses puck.
9:02 of 2nd period - Icing by Dustin Byfuglien.
9:03 of 2nd period - Bryan Little wins face-off versus Chris Tierney in Hurricanes zone.
10:10 of 2nd period - Shot by Jeff Skinner.
10:10 of 2nd period - Shot Blocked by Ron Hainsey.
10:12 of 2nd period - Shot by Jeff Skinner.
10:12 of 2nd period - Goal by Jeff Skinner - Hurricanes : 3 - Avalanche : 2.
10:13 of 2nd period - Paul Stastny wins face-off versus Brian Boyle in neutral zone.
10:30 of 2nd period - Shot by Paul Stastny.
10:30 of 2nd period - Stopped by Frederik Andersen without a rebound.
10:31 of 2nd period - Leo Komarov wins face-off versus Jesper Fast in Hurricanes zone.
10:31 of 2nd period - Leo Komarov is hit by Jesper Fast.
10:39 of 2nd period - Shot by Riley Sheahan.
10:39 of 2nd period - Deflect By Jesper Fast.
10:39 of 2nd period - Shot Misses the Net.
10:41 of 2nd period - Shot by Nikita Nesterov.
10:41 of 2nd period - Shot Misses the Net.
10:43 of 2nd period - Shot by Jesper Fast.
10:43 of 2nd period - Shot Misses the Net.
10:45 of 2nd period - Shot by Jesper Fast.
10:45 of 2nd period - Shot Misses the Net.
11:12 of 2nd period - Icing by Kyle Quincey.
11:13 of 2nd period - Paul Stastny wins face-off versus Nick Foligno in Hurricanes zone.
11:14 of 2nd period - Shot by Mats Zuccarello.
11:14 of 2nd period - Shot Misses the Net.
11:35 of 2nd period - Paul Stastny is hit by Kyle Quincey.
11:40 of 2nd period - Alexander Steen is hit by Brian Dumoulin and loses puck.
11:53 of 2nd period - Shot by Alexander Steen.
11:53 of 2nd period - Shot Misses the Net.
11:55 of 2nd period - Shot by Paul Stastny.
11:55 of 2nd period - Stopped by Frederik Andersen without a rebound.
11:56 of 2nd period - Derek Stepan wins face-off versus Bryan Little in Hurricanes zone.
12:53 of 2nd period - Off-side.
12:54 of 2nd period - Brian Boyle wins face-off versus Paul Stastny in neutral zone.
12:56 of 2nd period - Keith Yandle is hit by Kevin Shattenkirk and loses puck.
13:07 of 2nd period - Shot by Jamie McGinn.
13:07 of 2nd period - Stopped by Jimmy Howard with a rebound.
13:09 of 2nd period - Shot by Carl Hagelin.
13:09 of 2nd period - Stopped by Jimmy Howard without a rebound.
13:10 of 2nd period - Chris Tierney wins face-off versus Carl Hagelin in Avalanche zone.
13:23 of 2nd period - Shot by Shea Theodore.
13:23 of 2nd period - Shot Misses the Net.
13:25 of 2nd period - Shot by Frank Vatrano.
13:25 of 2nd period - Deflect By Chris Tierney.
13:25 of 2nd period - Goal by Chris Tierney - Hurricanes : 3 - Avalanche : 3.
13:26 of 2nd period - Nick Foligno wins face-off versus Paul Stastny in neutral zone.
13:26 of 2nd period - Brian Dumoulin is hit by Alexander Steen and loses puck.
13:31 of 2nd period - Shot by Paul Stastny.
13:31 of 2nd period - Shot Misses the Net.
13:33 of 2nd period - Shot by Alexander Steen.
13:33 of 2nd period - Stopped by Frederik Andersen without a rebound.
13:34 of 2nd period - Paul Stastny wins face-off versus Bryan Little in Hurricanes zone.
13:38 of 2nd period - Icing by Dustin Byfuglien.
13:39 of 2nd period - Bryan Little wins face-off versus Derek Stepan in Hurricanes zone.
14:01 of 2nd period - Bryan Little is hit by Jaccob Slavin and loses puck.
14:09 of 2nd period - Bryan Little is hit by Kevin Shattenkirk and loses puck.
14:12 of 2nd period - Shot by Zach Parise.
14:12 of 2nd period - Stopped by Jimmy Howard without a rebound.
14:13 of 2nd period - Paul Stastny wins face-off versus Brian Boyle in Avalanche zone.
14:13 of 2nd period - Mats Zuccarello is hit by Brian Boyle and loses puck.
14:22 of 2nd period - Shot by Paul Stastny.
14:22 of 2nd period - Stopped by Frederik Andersen without a rebound.
14:23 of 2nd period - Leo Komarov wins face-off versus Riley Sheahan in Hurricanes zone.
14:23 of 2nd period - Leo Komarov is hit by Jesper Fast.
14:49 of 2nd period - Shot by Jesper Fast.
14:49 of 2nd period - Stopped by Frederik Andersen without a rebound.
14:50 of 2nd period - Bryan Little wins face-off versus Paul Stastny in Hurricanes zone.
15:06 of 2nd period - Icing by Kevin Shattenkirk.
15:07 of 2nd period - Brian Boyle wins face-off versus Paul Stastny in Avalanche zone.
16:06 of 2nd period - Icing by Brian Boyle.
16:07 of 2nd period - Chris Tierney wins face-off versus Brian Boyle in Hurricanes zone.
16:12 of 2nd period - Shot by Chris Tierney.
16:12 of 2nd period - Stopped by Frederik Andersen with a rebound.
16:21 of 2nd period - Minor Penalty to Frank Vatrano for Holding.
16:21 of 2nd period - Minor Penalty to Dustin Byfuglien for Diving.
16:22 of 2nd period - Bryan Little wins face-off versus Derek Stepan in Hurricanes zone.
16:33 of 2nd period - Shot by Bryan Little.
16:33 of 2nd period - Deflect By Michael Frolik.
16:33 of 2nd period - Shot Misses the Net.
16:45 of 2nd period - Shot by Bryan Little.
16:45 of 2nd period - Shot Misses the Net.
16:53 of 2nd period - Shot by Bryan Little.
16:53 of 2nd period - Shot Blocked by Tyson Barrie.
17:05 of 2nd period - Shot by Bryan Little.
17:05 of 2nd period - Stopped by Jimmy Howard without a rebound.
17:06 of 2nd period - Paul Stastny wins face-off versus Bryan Little in Avalanche zone.
17:25 of 2nd period - Shot by Jeff Skinner.
17:25 of 2nd period - Stopped by Frederik Andersen without a rebound.
17:26 of 2nd period - Derek Stepan wins face-off versus Brian Boyle in Hurricanes zone.
17:37 of 2nd period - Shot by Derek Stepan.
17:37 of 2nd period - Deflect By Mats Zuccarello.
17:37 of 2nd period - Shot Misses the Net.
17:43 of 2nd period - Shot by Nick Foligno.
17:43 of 2nd period - Shot Misses the Net.
17:45 of 2nd period - Shot by Nick Foligno.
17:45 of 2nd period - Stopped by Jimmy Howard with a rebound.
17:47 of 2nd period - Shot by Nick Foligno.
17:47 of 2nd period - Deflect By Brian Boyle.
17:47 of 2nd period - Shot Misses the Net.
17:49 of 2nd period - Shot by Brian Boyle.
17:49 of 2nd period - Stopped by Jimmy Howard without a rebound.
17:50 of 2nd period - Bryan Little wins face-off versus Derek Stepan in Avalanche zone.
18:13 of 2nd period - Icing by Sami Vatanen.
18:14 of 2nd period - Derek Stepan wins face-off versus Brian Boyle in Avalanche zone.
18:14 of 2nd period - Derek Stepan is hit by Brian Boyle.
18:32 of 2nd period - Carl Hagelin is hit by Riley Sheahan and loses puck.
18:41 of 2nd period - Shot by Carl Hagelin.
18:41 of 2nd period - Deflect By Brad Richardson.
18:41 of 2nd period - Stopped by Jimmy Howard without a rebound.
18:42 of 2nd period - Chris Tierney wins face-off versus Bryan Little in Avalanche zone.
19:14 of 2nd period - Shot by Bryan Little.
19:14 of 2nd period - Shot Blocked by Nikita Nesterov.
19:16 of 2nd period - Shot by Bryan Little.
19:16 of 2nd period - Deflect By Lee Stempniak.
19:16 of 2nd period - Shot Misses the Net.
19:18 of 2nd period - Shot by Zach Parise.
19:18 of 2nd period - Goal by Zach Parise - Hurricanes : 4 - Avalanche : 3.
19:19 of 2nd period - Paul Stastny wins face-off versus Leo Komarov in neutral zone.
19:25 of 2nd period - Michael Frolik is hit by Sami Vatanen and loses puck.
Goals for this period are 1 for Hurricanes vs 2 for Avalanche.
Shots for this period are 13 for Hurricanes vs 12 for Avalanche.

3rd period


0:01 of 3rd period - Bryan Little wins face-off versus Derek Stepan in neutral zone.
0:08 of 3rd period - Shot by Lee Stempniak.
0:08 of 3rd period - Shot Misses the Net.
0:24 of 3rd period - Shot by Bryan Little.
0:24 of 3rd period - Stopped by Jimmy Howard with a rebound.
0:26 of 3rd period - Shot by Brian Dumoulin.
0:26 of 3rd period - Stopped by Jimmy Howard without a rebound.
0:27 of 3rd period - Jesper Fast wins face-off versus Carl Hagelin in Avalanche zone.
0:48 of 3rd period - Shot by Carl Hagelin.
0:48 of 3rd period - Goal by Carl Hagelin - Hurricanes : 5 - Avalanche : 3.
0:49 of 3rd period - Derek Stepan wins face-off versus Bryan Little in neutral zone.
1:15 of 3rd period - Zach Parise is hit by Sami Vatanen and loses puck.
1:26 of 3rd period - Shot by Bryan Little.
1:26 of 3rd period - Stopped by Jimmy Howard without a rebound.
1:27 of 3rd period - Max Domi wins face-off versus Leo Komarov in Avalanche zone.
1:49 of 3rd period - Shot by Michael Frolik.
1:49 of 3rd period - Stopped by Jimmy Howard without a rebound.
1:50 of 3rd period - Paul Stastny wins face-off versus Brian Boyle in Avalanche zone.
1:56 of 3rd period - Nikita Nesterov is hit by Brian Boyle and loses puck.
2:00 of 3rd period - Off-side.
2:01 of 3rd period - Derek Stepan wins face-off versus Bryan Little in neutral zone.
2:27 of 3rd period - Shot by Zach Parise.
2:27 of 3rd period - Stopped by Jimmy Howard without a rebound.
2:28 of 3rd period - Brad Richardson wins face-off versus Paul Stastny in Avalanche zone.
2:39 of 3rd period - Shot by Alex Chiasson.
2:39 of 3rd period - Stopped by Jimmy Howard without a rebound.
2:40 of 3rd period - Leo Komarov wins face-off versus Riley Sheahan in Avalanche zone.
2:46 of 3rd period - Michael Frolik is hit by Sami Vatanen and loses puck.
2:52 of 3rd period - Minor Penalty to Sami Vatanen for Interference.
2:53 of 3rd period - Bryan Little wins face-off versus Alexander Steen in Avalanche zone.
2:58 of 3rd period - Shot by Bryan Little.
2:58 of 3rd period - Deflect By Zach Parise.
2:58 of 3rd period - Shot Misses the Net.
3:35 of 3rd period - Zach Parise is hit by Kevin Shattenkirk and loses puck.
4:59 of 3rd period - Shot by Chris Tierney.
4:59 of 3rd period - Stopped by Frederik Andersen with a rebound.
5:01 of 3rd period - Shot by Sami Vatanen.
5:01 of 3rd period - Shot Misses the Net.
5:03 of 3rd period - Shot by Sami Vatanen.
5:03 of 3rd period - Stopped by Frederik Andersen without a rebound.
5:04 of 3rd period - Bryan Little wins face-off versus Derek Stepan in Hurricanes zone.
5:04 of 3rd period - Bryan Little is hit by Dylan Larkin.
6:51 of 3rd period - Icing by Dustin Byfuglien.
6:52 of 3rd period - Brian Boyle wins face-off versus Paul Stastny in Hurricanes zone.
7:31 of 3rd period - Shot by Paul Stastny.
7:31 of 3rd period - Stopped by Frederik Andersen without a rebound.
7:32 of 3rd period - Michael Frolik wins face-off versus Riley Sheahan in Hurricanes zone.
7:32 of 3rd period - Michael Frolik is hit by Jesper Fast.
8:00 of 3rd period - Shot by Nick Foligno.
8:00 of 3rd period - Shot Blocked by Riley Sheahan.
8:11 of 3rd period - Jesper Fast is hit by Brian Dumoulin and loses puck.
8:37 of 3rd period - Shot by Brad Richardson.
8:37 of 3rd period - Shot Misses the Net.
8:58 of 3rd period - Brad Richardson is hit by Dylan Larkin and loses puck.
9:02 of 3rd period - Dustin Byfuglien is hit by Kevin Shattenkirk and loses puck.
9:17 of 3rd period - Shot by Jeff Skinner.
9:17 of 3rd period - Stopped by Frederik Andersen without a rebound.
9:18 of 3rd period - Paul Stastny wins face-off versus Bryan Little in Hurricanes zone.
9:18 of 3rd period - Paul Stastny is hit by Jordan Oesterle.
9:22 of 3rd period - Shot by Alexander Steen.
9:22 of 3rd period - Shot Misses the Net.
9:34 of 3rd period - Shot by Bryan Little.
9:34 of 3rd period - Shot Misses the Net.
9:36 of 3rd period - Shot by Bryan Little.
9:36 of 3rd period - Shot Misses the Net.
9:44 of 3rd period - Shot by Zach Parise.
9:44 of 3rd period - Shot Misses the Net.
9:46 of 3rd period - Shot by Zach Parise.
9:46 of 3rd period - Shot Misses the Net.
9:48 of 3rd period - Shot by Bryan Little.
9:48 of 3rd period - Stopped by Jimmy Howard with a rebound.
9:50 of 3rd period - Shot by Lee Stempniak.
9:50 of 3rd period - Shot Misses the Net.
9:56 of 3rd period - Shot by Bryan Little.
9:56 of 3rd period - Goal by Bryan Little - Hurricanes : 6 - Avalanche : 3.
9:57 of 3rd period - Derek Stepan wins face-off versus Leo Komarov in neutral zone.
10:48 of 3rd period - Minor Penalty to Jamie McGinn for Roughing.
10:49 of 3rd period - Brad Richardson wins face-off versus Paul Stastny in Hurricanes zone.
11:14 of 3rd period - Shot by Sami Vatanen.
11:14 of 3rd period - Stopped by Frederik Andersen with a rebound.
11:24 of 3rd period - Shot by Paul Stastny.
11:24 of 3rd period - Stopped by Frederik Andersen without a rebound.
11:25 of 3rd period - Brad Richardson wins face-off versus Derek Stepan in Hurricanes zone.
11:36 of 3rd period - Shot by Shea Theodore.
11:36 of 3rd period - Shot Blocked by Dustin Byfuglien.
11:38 of 3rd period - Shot by Shea Theodore.
11:38 of 3rd period - Stopped by Frederik Andersen without a rebound.
11:39 of 3rd period - Brad Richardson wins face-off versus Jeff Skinner in Hurricanes zone.
11:45 of 3rd period - Icing by Sami Vatanen.
11:46 of 3rd period - Derek Stepan wins face-off versus Brad Richardson in Avalanche zone.
12:20 of 3rd period - Shot by Sami Vatanen.
12:20 of 3rd period - Shot Blocked by Ron Hainsey.
12:22 of 3rd period - Shot by Sami Vatanen.
12:22 of 3rd period - Stopped by Frederik Andersen without a rebound.
12:23 of 3rd period - Carl Hagelin wins face-off versus Paul Stastny in Hurricanes zone.
13:01 of 3rd period - Leo Komarov is hit by Riley Sheahan and loses puck.
13:19 of 3rd period - Shot by Riley Sheahan.
13:19 of 3rd period - Shot Blocked by Keith Yandle.
13:21 of 3rd period - Shot by Jesper Fast.
13:21 of 3rd period - Deflect By Max Domi.
13:21 of 3rd period - Shot Misses the Net.
13:53 of 3rd period - Shot by Milan Michalek.
13:53 of 3rd period - Shot Misses the Net.
13:55 of 3rd period - Shot by Jaccob Slavin.
13:55 of 3rd period - Shot Blocked by Keith Yandle.
14:01 of 3rd period - Shot by Milan Michalek.
14:01 of 3rd period - Stopped by Frederik Andersen without a rebound.
14:02 of 3rd period - Bryan Little wins face-off versus Paul Stastny in Hurricanes zone.
14:25 of 3rd period - Shot by Bryan Little.
14:25 of 3rd period - Stopped by Jimmy Howard without a rebound.
14:26 of 3rd period - Derek Stepan wins face-off versus Brian Boyle in Avalanche zone.
14:26 of 3rd period - Derek Stepan is hit by Brian Boyle.
14:43 of 3rd period - Minor Penalty to Jamie McGinn for Hooking.
14:44 of 3rd period - Brad Richardson wins face-off versus Paul Stastny in Hurricanes zone.
15:11 of 3rd period - Shot by Dylan Larkin.
15:11 of 3rd period - Deflect By Alexander Steen.
15:11 of 3rd period - Shot Misses the Net.
15:13 of 3rd period - Shot by Alexander Steen.
15:13 of 3rd period - Stopped by Frederik Andersen with a rebound.
15:15 of 3rd period - Shot by Alexander Steen.
15:15 of 3rd period - Deflect By Paul Stastny.
15:15 of 3rd period - Shot Misses the Net.
15:21 of 3rd period - Shot by Alexander Steen.
15:21 of 3rd period - Shot Misses the Net.
15:23 of 3rd period - Shot by Alexander Steen.
15:23 of 3rd period - Deflect By Dylan Larkin.
15:23 of 3rd period - Shot Blocked by Dustin Byfuglien.
15:25 of 3rd period - Shot by Paul Stastny.
15:25 of 3rd period - Shot Misses the Net.
15:44 of 3rd period - Icing by Shea Theodore.
15:45 of 3rd period - Derek Stepan wins face-off versus Leo Komarov in Avalanche zone.
15:45 of 3rd period - Derek Stepan is hit by Leo Komarov.
15:53 of 3rd period - Shot by Mats Zuccarello.
15:53 of 3rd period - Shot Misses the Net.
15:55 of 3rd period - Shot by Kevin Shattenkirk.
15:55 of 3rd period - Shot Misses the Net.
15:57 of 3rd period - Shot by Kevin Shattenkirk.
15:57 of 3rd period - Shot Blocked by Brian Dumoulin.
15:59 of 3rd period - Shot by Jeff Skinner.
15:59 of 3rd period - Deflect By Mats Zuccarello.
15:59 of 3rd period - Stopped by Frederik Andersen without a rebound.
16:00 of 3rd period - Derek Stepan wins face-off versus Leo Komarov in Hurricanes zone.
16:51 of 3rd period - Shot by Max Domi.
16:51 of 3rd period - Shot Misses the Net.
17:07 of 3rd period - Shot by Riley Sheahan.
17:07 of 3rd period - Stopped by Frederik Andersen without a rebound.
17:08 of 3rd period - Chris Tierney wins face-off versus Brian Boyle in Hurricanes zone.
17:28 of 3rd period - Frank Vatrano is hit by Dustin Byfuglien and loses puck.
18:06 of 3rd period - Icing by Bryan Little.
18:07 of 3rd period - Paul Stastny wins face-off versus Bryan Little in Hurricanes zone.
18:31 of 3rd period - Mats Zuccarello is hit by Zach Parise and loses puck.
19:22 of 3rd period - Off-side.
19:23 of 3rd period - Brian Boyle wins face-off versus Derek Stepan in neutral zone.
19:29 of 3rd period - Icing by Jeff Skinner.
19:30 of 3rd period - Derek Stepan wins face-off versus Leo Komarov in Avalanche zone.
19:51 of 3rd period - Shot by Leo Komarov.
19:51 of 3rd period - Stopped by Jimmy Howard without a rebound.
19:52 of 3rd period - Riley Sheahan wins face-off versus Brian Boyle in Avalanche zone.
19:56 of 3rd period - Kevin Shattenkirk is hit by Keith Yandle and loses puck.
Goals for this period are 2 for Hurricanes vs 0 for Avalanche.
Shots for this period are 11 for Hurricanes vs 12 for Avalanche.